 Dungeon Crawl Stone Soup version 0.29.1-15-g9cfb28693d (webtiles) character file.

Game seed: 13805465823547439034

2377 zeram the Skirmisher (level 9, -3/41 HPs)
             Began as a Spriggan Hunter on Mar 25, 2023.
             Was an Initiate of Gozag.
             Shot with an arrow by a centaur warrior (16 damage)
             ... on level 8 of the Dungeon.
             The game lasted 00:17:22 (8311 turns).

zeram the Skirmisher (Spriggan Hunter)              Turns: 8311, Time: 00:17:23

Health: -3/41      AC:  3    Str:  7    XL:     9   Next: 21%
Magic:  12/12      EV: 24    Int: 15    God:    Gozag
Gold:   691        SH:  5    Dex: 18    Spells: 8/11 levels left

rFire   . . .      SeeInvis +   a - +1 shortbow
rCold   . . .      Faith    .   (shield currently unavailable)
rNeg    . . .      Spirit   .   c - +0 robe
rPois   .          Reflect  +   (helmet restricted)
rElec   .          Harm     .   q - +0 cloak
rCorr   .          Rampage  .   (gloves unavailable)
Will    ++...                   (boots unavailable)
Stlth   ++........              l - amulet of reflection
HPRegen 0.13/turn               d - +4 ring of evasion
MPRegen 0.13/turn               g - ring of willpower

@: very quick
A: very small, no large weapons, unfitting armour, see invisible, speed 3
a: Renounce Religion, Potion Petition, Call Merchant, Bribe Branch


You were on level 8 of the Dungeon.
You worshipped Gozag.
Gozag was pleased with you.
You visited 2 branches of the dungeon, and saw 11 of its levels.
You also visited: Ossuary.

You collected 883 gold pieces.
You paid 192 gold pieces to Gozag.

Inventory:

Hand Weapons
 a - a +1 shortbow (weapon)
Armour
 c - a +0 robe (worn)
 q - a +0 cloak (worn)
Jewellery
 d - a +4 ring of evasion (left hand)
 g - a ring of willpower (right hand)
 k - an amulet of faith
 l - an amulet of reflection (around neck)
 s - a +6 ring of strength
Wands
 f - a wand of polymorph (15)
 j - a wand of light (11)
 p - a wand of digging (7)
 v - a wand of flame (14)
 x - a wand of roots (8)
Scrolls
 b - 2 scrolls of immolation
 y - 3 scrolls of identify
Potions
 e - 3 potions of cancellation
 h - 5 potions of curing
 n - 2 potions of magic {unknown}
 o - 2 potions of might {unknown}
 r - 2 potions of mutation
 u - 3 potions of heal wounds
 z - a potion of degeneration {unknown}


   Skills:
 - Level 1.5 Fighting
 + Level 12.2 Ranged Weapons
 + Level 5.6 Dodging
 - Level 1.5 Stealth
 - Level 0.3 Shields
 * Level 1.8 Spellcasting


You had 8 spell levels left.
You knew the following spells:

 Your Spells              Type           Power      Damage    Failure   Level
a - Tukima's Dance        Hex            1%         N/A       56%         3

Your spell library contained the following spells:

 Spells                   Type           Power      Damage    Failure   Level
 Portal Projectile        Hex/Tloc       2%         N/A       56%         3
 Blade Hands              Tmut           0%         N/A       99%         5


Dungeon Overview and Level Annotations

Branches:
Dungeon (10/15)            Temple (1/1) D:5            Lair (0/5) D:10
Ossuary (visited)
    Orc: D:9-12

Altars:
Ashenzari
Cheibriados
Dithmenos
Fedhas
Gozag
Hepliaklqana
Kikubaaqudgha
Makhleb
Nemelex Xobeh
Okawaru
Qazlal
Ru
Sif Muna
Trog
Uskayaw
Vehumet
Wu Jian
Xom
Zin
The Shining One

Shops:
D:9 =

Annotations:
D:3 3 runed translucent doors, javelincjr's ghost, amateur DjCj
D:4 1 runed translucent door, Mickster's ghost, amateur DjFE
D:8 1 runed translucent door


Innate Abilities, Weirdness & Mutations

You are very small and have problems with some larger weapons.
You are too small for most types of armour.
You have supernaturally acute eyesight. (SInv)
You cover ground extremely quickly. (Speed+++)


Message History

Unknown command.
Fire: a) +1 shortbow
Press: ? - help, Q - select action, (/) - cycle Shift-Dir - straight line, f - steam dragon
Aim: a steam dragon (68% to hit)
You shoot an arrow.
The arrow barely misses the steam dragon.
The steam dragon breathes steam at you. The ball of steam hits you!
The acid dragon spits acid at you. The splash of acid misses you.
Found 18 gold pieces.
Found a runed translucent door.
The steam dragon breathes steam at you. The ball of steam hits you!
* * * LOW HITPOINT WARNING * * *
Blink to where?
Press: ? - help, Dir - move target
As you read the scroll of blinking, it crumbles to dust.
A sky beast comes into view.
As you read the scroll of teleportation, it crumbles to dust.
You feel strangely unstable.
The sky beast is distracted by your dazzling golden aura.
Unknown command.
Your surroundings suddenly seem different.
Found a book of Rime.
You start resting.
An acid dragon is nearby!
Aiming: Throw Flame
Press: ? - help, Shift-Dir - straight line, f - acid dragon
Aim: an acid dragon (wandering, hasn't noticed you, 68% to hit)
The puff of flame misses the acid dragon.
The acid dragon roars!
Unknown command.
A centaur warrior comes into view.
The centaur warrior wields a +0 shortbow.
The centaur warrior shoots an arrow.
The arrow closely misses you.
The centaur warrior shoots an arrow.
The arrow hits you!
The centaur warrior shoots an arrow.
The arrow hits you!
You die...
Your body crumbles into a pile of gold.

##### #...## #
#.#..####.#
######.......#.##...
.........#D..........
$
.#...###.....@#.##..
...# #..#..:.# # ..
#...##....... ##.#
#c...... #. #.###....
#.#.# ...... # ##
.##.##. . .. .. $


You could see a centaur warrior and an acid dragon.

Vanquished Creatures
  Duvessa (D:7)
  2 ice beasts
  4 ogres
  2 black bears
  2 sky beasts
  A centaur (D:6)
  2 bullfrogs
  4 scorpions
  4 wights (D:6)
  Dowan (D:7)
  A howler monkey (D:9)
  2 orc priests
  4 hounds
  A human zombie (Ossuary)
  4 iguanas
  Terence (D:3)
  3 orc wizards
  2 mummies (Ossuary)
  4 gnolls (D:6)
  3 adders
  3 shadow imps
  A white imp (D:6)
  2 ufetubi (D:5)
  A worm (D:2)
  15 orcs
  2 bats
  7 endoplasms
  5 giant cockroaches
  3 gnoll zombies (Ossuary)
  8 goblins
  2 hobgoblins
  6 jackals
  3 quokkas
  7 ball pythons
  2 frilled lizards
  7 goblin zombies
  3 hobgoblin zombies (Ossuary)
  2 kobolds
  An orc zombie (Ossuary)
  5 rats
133 creatures vanquished.

Notes
Turn   | Place    | Note
-------+----------+-------------------------------------------
     0 | D:1      | zeram the Spriggan Hunter began the quest for the Orb.
     0 | D:1      | Reached XP level 1. HP: 10/10 MP: 2/2
   125 | D:1      | Reached XP level 2. HP: 14/14 MP: 3/3
   353 | D:1      | Found a faded altar of an unknown god.
   735 | D:2      | Found a glowing golden altar of the Shining One.
   867 | D:2      | Reached skill level 5 in Ranged Weapons
   867 | D:2      | Reached XP level 3. HP: 9/18 MP: 4/4
  1957 | D:3      | Noticed Terence
  1970 | D:3      | Killed Terence
  1971 | D:3      | Reached XP level 4. HP: 14/22 MP: 5/5
  2427 | D:3      | Found a runed translucent gate.
  2427 | D:3      | Found a runed translucent gate.
  2431 | D:3      | Noticed javelincjr's ghost (amateur DjCj)
  2433 | D:3      | Found a runed translucent gate.
  2654 | D:3      | Found a glowing silver altar of Zin.
  2788 | D:4      | Noticed an ogre
  2827 | D:4      | Killed an ogre
  2828 | D:4      | Reached skill level 6 in Ranged Weapons
  2828 | D:4      | Reached XP level 5. HP: 13/25 MP: 6/6
  3036 | D:4      | Found a runed translucent door.
  3039 | D:4      | Noticed Mickster's ghost (amateur DjFE)
  3115 | D:4      | Noticed an ogre
  3124 | D:4      | Killed an ogre
  3125 | D:4      | Reached skill level 7 in Ranged Weapons
  3125 | D:4      | Reached XP level 6. HP: 30/30 MP: 7/7
  3129 | D:4      | Learned a level 3 spell: Tukima's Dance
  4476 | D:5      | Entered Level 5 of the Dungeon
  4520 | D:5      | Reached skill level 8 in Ranged Weapons
  4555 | D:5      | Noticed a sky beast
  4569 | D:5      | Reached XP level 7. HP: 29/33 MP: 8/8
  4614 | D:5      | Found a burning altar of Makhleb.
  4650 | D:5      | Found a sand-covered staircase.
  4661 | Ossuary  | Entered an ossuary
  4980 | D:5      | Reached skill level 9 in Ranged Weapons
  5333 | D:5      | Reached XP level 8. HP: 37/37 MP: 9/9
  5442 | D:5      | Found a staircase to the Ecumenical Temple.
  5533 | D:5      | Reached skill level 10 in Ranged Weapons
  5765 | Temple   | Entered the Ecumenical Temple
  5869 | Temple   | Became a worshipper of Gozag Ym Sagoz the Greedy
  6166 | D:6      | Found an ornate altar of the Wu Jian Council.
  6211 | D:6      | Reached skill level 11 in Ranged Weapons
  6479 | D:6      | Reached skill level 5 in Dodging
  6605 | D:6      | Found a bloodstained altar of Trog.
  7286 | D:7      | Reached XP level 9. HP: 41/41 MP: 10/10
  7307 | D:7      | Noticed Duvessa
  7307 | D:7      | Noticed Dowan
  7408 | D:7      | Killed Duvessa
  7409 | D:7      | Reached skill level 12 in Ranged Weapons
  7409 | D:7      | Reached skill level 1 in Spellcasting
  7412 | D:7      | Killed Dowan
  7703 | D:7      | You fall into a shaft and drop 3 floors!
  7703 | D:10     | Entered Level 10 of the Dungeon
  7715 | D:10     | Noticed a troll
  7745 | D:10     | Found a staircase to the Lair.
  7877 | D:9      | Found Deocoox's Jewellery Shop.
  8087 | D:9      | Noticed a two-headed ogre
  8092 | D:9      | Noticed an unseen horror
  8154 | D:8      | Found a runed translucent door.
  8307 | D:8      | Noticed a centaur warrior
  8311 | D:8      | Shot with an arrow by a centaur warrior

Illustrated notes

Levels and vault maps discovered:
D:1:      kennysheep_arrival_forest, layout_rooms,
          shapermc_ecumenical_altar_mp_vishouse, minmay_tetromino_o4
D:2:      layout_basic, basic_altar
D:3:      layout_basic, zin_statuary, biasface_ghost_orc_armoury, uniq_terence
D:4:      layout_gridville, ebering_ghost_reflecting_pool
D:5:      layout_basic, makhleb_blood_cavern_becter, minmay_temple_entry_mist,
          enter_ossuary_3
D:6:      layout_basic, nicolae_overflow_crystal_walls,
          mainiacjoe_overflow_catwalk
D:7:      layout_layer_cave, elyvilon_altar_4, uniq_maggie, uniq_duvessa
D:8:      layout_basic, mainiacjoe_overflow_concentric_impassable,
          ebering_ghost_reflecting_pool, kb_rosetta, uniq_maurice, uniq_grum
D:9:      layout_basic, zombieorc1_lemuel, serial_shops,
          nicolae_shop_hallway_plus
D:10:     layout_long_grid, lair_entry_dummy, minmay_diced_spiral
Temple:   lightli_temple_of_artemis

Skill      XL: |  1  2  3  4  5  6  7  8  9 |
---------------+----------------------------+-----
Ranged Weapons | 5 6 7 8 9 11 12 | 12.2
Dodging        | 3 4 5 |  5.6
Spellcasting   | 1 |  1.8
Fighting       | |  1.5
Stealth        | |  1.5
Shields        | |  0.3

Action                   |  1- 3 |  4- 6 |  7- 9 || total
-------------------------+-------+-------+-------++-------
 Fire: Shortbow          |    97 |   133 |   369 ||   599
Evoke: Wand              |       |       |     2 ||     2
  Use: Scroll            |     1 |     9 |     5 ||    15
Armor: Robe              |     3 |     7 |     6 ||    16
Dodge: Dodged            |    37 |    94 |   168 ||   299
Block: Other             |       |       |    19 ||    19
       Reflection        |       |       |     1 ||     1
